 Dungeon Crawl Stone Soup version 0.31-b1-22-gc680215f68 (webtiles) character file.

Game seed: 10383467175860024455

37 Esekla the Sneak (level 3, -2/26 HPs)
             Began as an Octopode Delver on Jan 18, 2024.
             Slain by a scorpion (7 damage)
             ... on level 4 of the Dungeon on Jan 19, 2024.
             The game lasted 00:04:00 (220 turns).

Esekla the Sneak (Octopode Delver)                   Turns: 220, Time: 00:04:00

Health: -2/26      AC:  1    Str: 11    XL:     3   Next: 39%
Magic:  3/3        EV: 13    Int: 14    God:
Gold:   0          SH:  0    Dex: 13    Spells: 2/2 levels left

rFire   . . .        e - +1 demon blade (vamp)
rCold   . . .        (no shield)
rNeg    . . .        (helmet restricted)
rPois   .            (no amulet)
rElec   .            (no ring)
rCorr   .            (no ring)
SInv    .            (no ring)
Will    .....        (no ring)
Stlth   ++++         (no ring)
HPRegen 0.24/turn    (no ring)
MPRegen 0.08/turn    (no ring)
                     (no ring)

%: no passive effects
@: lethally poisoned (-2 -> -9)
A: almost no armour, amphibious, 8 rings, camouflage 1, gelatinous body 1,
(nimble swimmer 1), tentacles
a: no special abilities


You were on level 4 of the Dungeon.
You visited 1 branch of the dungeon, and saw 2 of its levels.

Inventory:

Hand Weapons
 a - a +0 dagger
 e - a +1 vampiric demon blade (weapon)
Wands
 f - a wand of digging (3)
Scrolls
 b - a scroll of fog
 g - a scroll of enchant weapon {unknown}
Potions
 c - a potion of mutation {unknown}
 d - a potion of curing


   Skills:
 * Level 3.2 Fighting
 * Level 2.2 Long Blades
 * Level 2.2 Dodging
 + Level 7.3 Stealth
 * Level 0.4 Spellcasting


You had 2 spell levels left.
You didn't know any spells.
Your spell library contained the following spells:

 Spells                   Type           Power      Damage    Failure   Level
 Jinxbite                 Hex            0%         N/A       38%         2
 Yara's Violent Unravell  Hex/Alch       0%         3d3       100%        5
 Enfeeble                 Hex            0%         N/A       100%        7


Dungeon Overview and Level Annotations

Branches:
Dungeon (5/15)
 Temple: D:4-7

Altars:
Yredelemnul

Annotations:
D:4 Sigmund


Innate Abilities, Weirdness & Mutations

You cannot wear most types of armour.
You are amphibious.
You can wear up to eight rings at the same time.
Your skin changes colour to match your surroundings (Stealth+).
Your rubbery body absorbs attacks. (AC +1, EV +1)
((You are camouflaged when in or above water. (Stealth+)))
You have tentacles for arms and can constrict up to eight enemies at once.


Message History

a - a +0 dagger A ribbon worm comes into view.
Sigmund screams, "You will never...
NEVER!!!"
Sigmund casts a spell.
Sigmund flickers and vanishes!
Deactivating autopickup; reactivate with Ctrl-A.
Found 2 brown potions.
You see here 2 brown potions.
d - 2 brown potions A giant cockroach comes into view.
You catch the helpless giant cockroach completely off-guard!
You hit the giant cockroach. You grab the giant cockroach.
You squeeze the giant cockroach.
You kill the giant cockroach!
You see here a giant cockroach corpse.
Okay, then.
Okay, then.
The ogre attacks as it pursues you! The ogre closely misses you.
You see here a +0 leather armour.
You are confused.
You bump into the stone wall.
The scorpion stings you.
You are poisoned.
The scorpion poisons you!
It was a potion of curing.
You feel better. The scorpion barely misses you. The ogre closely misses you.
The scorpion attacks as it pursues you! The scorpion misses you.
The ogre attacks as it pursues you! The ogre closely misses you.
The scorpion stings you. The scorpion attacks as it pursues you!
The scorpion stings you.
Found a stone staircase leading down.
Found a stone staircase leading up.
The scorpion attacks as it pursues you! The scorpion stings you.
You are poisoned.
The scorpion poisons you! Something hits you!
You feel very sick. The scorpion stings you.
* * * LOW HITPOINT WARNING * * *
You feel very sick. The scorpion attacks as it pursues you!
The scorpion stings you!
You die...

#... #...... #...##.....# ..
##....#.....# #. .....
##.........>.# #.# #....
##...........# ##.# #.#.. #
##............###..## #.#.#
#.##....#.#.......#....###....
#.#.........s@..........##.... #.
....###...................... #.
#..# #...O.............#)...
##.###..###....#<.......>...#....
#...........#####...[......##....
#..##...[....# #...##...###....
..#..........# ########## ##†##
.............# #.##
.##†#....†...# #..#


You could see an ogre and a scorpion.

Vanquished Creatures
  A hound (D:4)
  An orc (D:5)
  An endoplasm (D:4)
  A giant cockroach (D:4)
  2 goblins (D:4)
6 creatures vanquished.

Notes
Turn   | Place    | Note
-------+----------+-------------------------------------------
     0 | D:5      | Esekla the Octopode Delver began the quest for the Orb.
     0 | D:5      | Reached XP level 1. HP: 16/16 MP: 1/1
    27 | D:5      | Noticed a scorpion
    28 | D:5      | Noticed a black bear
    82 | D:5      | Noticed a scorpion
   108 | D:5      | Noticed an orc wizard
   110 | D:5      | Noticed an orc priest
   117 | D:4      | Noticed a hound
   117 | D:4      | Noticed a scorpion
   148 | D:4      | Killed a hound
   149 | D:4      | Reached skill level 7 in Stealth
   149 | D:4      | Reached XP level 2. HP: 19/21 MP: 2/2
   149 | D:4      | Reached XP level 3. HP: 24/26 MP: 3/3
   164 | D:4      | Found a basalt altar of Yredelemnul.
   174 | D:4      | Noticed Sigmund
   175 | D:4      | Noticed an ogre
   220 | D:4      | Slain by a scorpion

Illustrated notes

Levels and vault maps discovered:
D:4:      layout_rooms, mainiacjoe_overflow_boulevard, minmay_temple_entry_mist,
          minmay_parallelograms, minmay_diced_spiral, uniq_sigmund
D:5:      layout_loops_cross, evilmike_ruin_ashenzari, mainiacjoe_overflow_paths

Skill      XL: |  1 |
---------------+----+-----
Stealth        | 7 |  7.3
Fighting       | |  3.2
Long Blades    | |  2.2
Dodging        | |  2.2
Spellcasting   | |  0.4

Action                     || total
---------------------------++-------
  Melee: Demon blade       ||    11
         Falchion          ||     4
         Constrict         ||     4
         Tentacles         ||     4
         Punch             ||     1
    Use: Scroll            ||     2
         Potion            ||     2
   Stab: Distracted        ||     1
 Armour: Skin              ||    15
  Dodge: Dodged            ||     8
